 Dungeon Crawl Stone Soup version 0.18-a0-822-gb52b7b4 (webtiles) character file.

501 4thArraOfDagon the Firebug (level 7, 13/41 HPs)
             Began as an Octopode Fire Elementalist on Dec 16, 2015.
             Quit the game on level 6 of the Dungeon.
             The game lasted 00:12:16 (2334 turns).

4thArraOfDagon the Firebug (OpFE)                   Turns: 2334, Time: 00:12:16

Health: 13/41      AC:  1    Str:  4    XL:     7   Next: 17%
Magic:  11/11      EV: 12    Int: 21    God:
Gold:   208        SH:  6    Dex: 13    Spells: 3 memorised, 4 levels left

rFire  . . .     SeeInvis .     e - +0 spear
rCold  . . .     Gourm    .     l - +2 buckler
rNeg   . . .     Faith    .     (helmet restricted)
rPois  .         Spirit   .     (no amulet)
rElec  .         Dismiss  .     k - ring of sustain attributes
rCorr  .         Reflect  .     i - +2 ring of intelligence
SustAt +         Harm     .     s - -3 ring of strength (curse)
MR     .....                    w - ring of flight
Stlth  +++.......               (no ring)
                                (no ring)
                                (no ring)
                                (no ring)

@: not resistant to hostile enchantments, fairly stealthy
A: almost no armour, amphibious, 8 rings, constrict 8, camouflage 1, gelatinous
body 1
a: Evoke Flight


You were on level 6 of the Dungeon.
You were not hungry.

You visited 1 branch of the dungeon, and saw 7 of its levels.

You collected 208 gold pieces.

Inventory:

Hand Weapons
 e - a +0 spear (weapon)
 m - a +0 vampiric short sword
Missiles
 u - 2 throwing nets (quivered)
Armour
 l - a +2 buckler (worn)
Jewellery
 i - a +2 ring of intelligence (right tentacle)
 k - a ring of sustain attributes (left tentacle)
 s - a cursed -3 ring of strength (on tentacle)
 w - a ring of flight (on tentacle)
Scrolls
 c - 2 scrolls of amnesia
 d - 2 scrolls of teleportation
 j - 2 scrolls of remove curse
 p - a scroll of recharging
 y - a scroll of fear {unknown}
Potions
 f - a potion of heal wounds {unknown}
 h - a potion of berserk rage {unknown}
 n - a potion of magic
 o - a potion of cure mutation
 q - a potion of brilliance {unknown}
 t - 2 potions of might
 v - a potion of lignification {unknown}
 x - a potion of beneficial mutation {unknown}
 A - a potion of haste {unknown}
Books
 a - a book of Flames

   Spells                             Type                      Level
   a - Flame Tongue                   Conjuration/Fire             1
   b - Throw Flame                    Conjuration/Fire             2
   c - Conjure Flame                  Conjuration/Fire             3
   d - Inner Flame                    Hexes/Fire                   3
   e - Sticky Flame                   Conjuration/Fire             4
   f - Fireball                       Conjuration/Fire             5
Comestibles
 b - 5 bread rations
 g - 4 meat rations
 r - 8 beef jerkies


   Skills:
 - Level 2.0 Dodging
 - Level 2.6 Stealth
 + Level 2.3 Shields
 + Level 3.2 Spellcasting
 * Level 4.2 Conjurations
 * Level 5.3 Fire Magic


You had 4 spell levels left.
You knew the following spells:

 Your Spells              Type           Power        Failure   Level  Hunger
a - Flame Tongue          Conj/Fire      ###..        1%          1    None
b - Conjure Flame         Conj/Fire      ###.....     10%         3    ###....
c - Sticky Flame          Conj/Fire      ###.....     24%         4    ####...


Dungeon Overview and Level Annotations

Branches:
Dungeon (7/15)
 Temple: D:4-7

Altars:
Okawaru
Pakellas
Trog
Xom
Yredelemnul

Shops:
D:5 }

Annotations:
D:2 1 runed door
D:4 exclusion: adder


Innate Abilities, Weirdness & Mutations

You cannot wear most types of armour.
You are amphibious.
You can wear up to eight rings at the same time.
You can use your tentacles to constrict eight enemies at once.
Your skin changes colour to match your surroundings (Stealth).
Your rubbery body absorbs attacks (AC +1).


Message History

The giant cockroach barely misses you. x2
You are too injured to fight recklessly!
You are too injured to fight recklessly!
You are too injured to fight recklessly!
You are too injured to fight recklessly!
You hit the giant cockroach but do no damage.
The giant cockroach is almost dead.
You constrict the giant cockroach.
You kill the giant cockroach!
Found a scroll labeled QEUDESHR YSEE.
y - a scroll labeled QEUDESHR YSEE
There is a stone staircase leading up here.
Found 18 arrows.
You see here 18 arrows.
Found an escape hatch in the ceiling.
The gnoll shouts!
Unknown command.
The gnoll shouts!
The gnoll hits you from afar with a spear.
Are you sure you want to abandon this character and quit the game? (Confirm with "yes".)

#.......# #........#
#....... #.......#
###........# #.......
#.......#####..........#
#.......
#...........#.##########
#....... #...........#.#
#....... #.............#
#....... .............##
#.......
########......########
#.......
#g...#..g@.g..#####.......
#.g..########.....#.......
#....# #####.........
#######....# #....#####
#.....g...## #...#..#
#.........# #..###..#
#.........# ####..# #...#
#.........# .....# ##.#.#
# #.........# #.####
#....# ##


You could see 2 gnolls.

Vanquished Creatures
  An ice beast (D:6)
  An ogre (D:7)
  2 scorpions
  A giant frog skeleton (D:4)
  2 hounds
  3 worker ants
  A hound skeleton (D:5)
  An adder (D:4)
  A gnoll (D:5)
  A shadow imp (D:5)
  An ooze (D:4)
  2 orcs
  2 bats
  3 giant cockroaches
  2 hobgoblins
  A kobold (D:2)
  2 quokkas
  A ball python (D:4)
  2 giant geckos
  5 giant newts
  2 goblins (D:1)
  A jackal (D:6)
  2 rats
40 creatures vanquished.

Notes
Turn   | Place    | Note
--------------------------------------------------------------
     0 | D:1      | 4thArraOfDagon the Octopode Fire Elementalist began the quest for the Orb.
     0 | D:1      | Reached XP level 1. HP: 11/11 MP: 3/3
   399 | D:2      | Found a runed door.
   399 | D:2      | Noticed a human
   406 | D:2      | Found a basalt altar of Yredelemnul.
   416 | D:3      | Noticed an orc priest
   429 | D:2      | Reached XP level 2. HP: 12/17 MP: 1/5
   589 | D:2      | You fall through a shaft for 2 floors!
   589 | D:4      | Noticed a scorpion
   678 | D:4      | Noticed a scorpion
   683 | D:4      | Killed a scorpion
   683 | D:4      | Reached skill level 1 in Shields
   683 | D:4      | Reached XP level 3. HP: 3/21 MP: 3/6
   683 | D:4      | Reached XP level 4. HP: 3/27 MP: 3/7
   688 | D:4      | Learned a level 3 spell: Conjure Flame
   785 | D:5      | Entered Level 5 of the Dungeon
   786 | D:5      | Found an oddly glowing altar of Pakellas.
   851 | D:5      | Found a shimmering altar of Xom.
   904 | D:5      | Found Ittampoo's Gadget Shop.
   926 | D:5      | Noticed a giant frog
   938 | D:5      | Noticed an ogre
   963 | D:5      | Reached skill level 4 in Fire Magic
  1059 | D:6      | Reached XP level 5. HP: 14/31 MP: 4/9
  1087 | D:6      | Found an iron altar of Okawaru.
  1105 | D:6      | Learned a level 4 spell: Sticky Flame
  1164 | D:6      | Noticed an ice beast
  1260 | D:6      | Killed an ice beast
  1313 | D:7      | Reached XP level 6. HP: 34/36 MP: 5/10
  1977 | D:4      | You fall through a shaft for 2 floors!
  2049 | D:4      | Reached skill level 5 in Fire Magic
  2108 | D:4      | Found a bloodstained altar of Trog.
  2177 | D:3      | Reached XP level 7. HP: 27/41 MP: 6/11
  2334 | D:6      | Quit the game

Vault maps used:
D:1:      matt_arrival_los_fun, minmay_crystal_water, roderic_serpentine_path
D:2:      minmay_tree_intersection, dk_yredelemnul_ordeal
D:3:      zin_purify, first_bread, hangedman_decor_points, uniq_grinder
D:4:      trog_butcher_becter, uniq_crazy_yiuf_cottage
D:5:      lemuel_crystal_altar, serial_shops, nicolae_shop_waterfront,
          st_stairs_3, grunt_pakellas_salt
D:6:      lemuel_castle_with_subvaults, minmay_temple_entry_fiery, basic_altar
D:7:      grunt_ogre_cave

Action                   |  1- 3 |  4- 6 |  7- 9 || total
-------------------------+-------+-------+-------++-------
Melee: Spear             |    12 |    75 |    12 ||    99
       Unarmed           |     1 |       |       ||     1
Throw: Throwing net      |       |     1 |       ||     1
 Cast: Flame Tongue      |    14 |    36 |       ||    50
       Conjure Flame     |       |     4 |       ||     4
       Sticky Flame      |       |     1 |       ||     1
  Use: Scroll            |     3 |     8 |       ||    11
       Potion            |       |     1 |       ||     1
 Stab: Sleeping          |     5 |     3 |     1 ||     9
  Eat: Chunk             |       |     5 |     1 ||     6
